 Dungeon Crawl Stone Soup version 0.22.1-1-ga44c0e56f4 (webtiles) character file.

1017 Jynx the Changer (level 8, -14/48 HPs)
             Began as an Octopode Transmuter on Nov 3, 2018.
             Demolished by an orc warrior
             ... wielding a +0 trident
              (21 damage)
             ... on level 6 of the Dungeon.
             The game lasted 00:12:42 (6590 turns).

Jynx the Changer (Octopode Transmuter)              Turns: 6590, Time: 00:12:43

Health: -14/48     AC:  1    Str:  9    XL:     8   Next: 22%
Magic:  18/23      EV: 16    Int: 15    God:
Gold:   302        SH:  0    Dex: 15    Spells: 5/16 levels left

rFire    . . .     SeeInvis .     - Unarmed
rCold    . . .     Gourm    .   (shield currently unavailable)
rNeg     . . .     Faith    .   (helmet restricted)
rPois    .         Spirit   .   (no amulet)
rElec    .         Reflect  .   t - ring of magical power
rCorr    .         Harm     .   (no ring)
MR       .....                  (no ring)
Stlth    ++........             (no ring)
HPRegen  0.16/turn              (no ring)
MPRegen  0.18/turn              (no ring)
                                (no ring)
                                (no ring)

@: blade tentacles (expiring)
A: almost no armour, stealthy swim, amphibious, 8 rings, constrict 8, camouflage
1, gelatinous body 1
a: End Transformation


You were on level 6 of the Dungeon.
You were hungry.
You had blades for tentacles.
You visited 1 branch of the dungeon, and saw 6 of its levels.

You collected 302 gold pieces.

Inventory:

Missiles
 a - 130 arrows
Jewellery
 e - a cursed -2 ring of dexterity
 t - a ring of magical power (left scythe-like blade)
Scrolls
 b - a scroll of fog {unknown}
 d - 2 scrolls of remove curse
 f - a scroll of amnesia {unknown}
 g - 2 scrolls of noise {unknown}
 i - 4 scrolls of teleportation
 j - 2 scrolls of magic mapping {unknown}
 l - 2 scrolls of enchant weapon {unknown}
 m - 2 scrolls of identify
 r - a scroll of blinking {unknown}
 s - a scroll of enchant armour {unknown}
Potions
 k - a potion of flight {unknown}
 n - a potion of invisibility
 o - a potion of agility {unknown}
 p - a potion of berserk rage {unknown}
 q - 3 potions of lignification
 u - a potion of might {unknown}
 w - a potion of magic {unknown}
Comestibles
 c - 7 rations


   Skills:
 - Level 1.0 Fighting
 + Level 4.9 Dodging
 - Level 3.0 Unarmed Combat
 + Level 4.6 Spellcasting
 * Level 6.9 Transmutations


You had 5 spell levels left.
You knew the following spells:

 Your Spells              Type           Power        Failure   Level  Hunger
a - Beastly Appendage     Tmut           ###...       16%         1    None
b - Sticks to Snakes      Tmut           ###.....     19%         2    ##.....
c - Spider Form           Tmut/Pois      ##........   50%         3    ###....
d - Blade Hands           Tmut           ###.......   71%         5    ######.

Your spell library contained the following spells:

 Spells                   Type           Power        Failure   Level  Hunger
 Magic Dart               Conj           #...         58%         1    None
 Blink                    Tloc           N/A          69%         2    ##.....
 Call Imp                 Summ           #.......     69%         2    ##.....
 Slow                     Hex            #.......     69%         2    ##.....
 Ice Form                 Ice/Tmut       ##......     80%         4    ####...
 Conjure Flame            Conj/Fire      #.......     85%         3    ###....
 Mephitic Cloud           Conj/Pois/Air  #.......     85%         3    ###....


Dungeon Overview and Level Annotations

Branches:
Dungeon (6/15)             Temple (0/1) D:6

Altars:
Fedhas
Gozag
Okawaru
Uskayaw
The Shining One

Shops:
D:4 [

Annotations:
D:1 1 runed door


Innate Abilities, Weirdness & Mutations

You cannot wear most types of armour.
You are very stealthy in the water. (Stealth+)
You are amphibious.
You can wear up to eight rings at the same time.
You can use your tentacles to constrict eight enemies at once.
Your skin changes colour to match your surroundings (Stealth+).
Your rubbery body absorbs attacks. (AC +1, EV +1)


Message History

Your tentacles turn into razor-sharp scythe blades.
The orc wizard hits the plant but does no damage.
You barely miss the orc. Your grab misses the orc.
Your transformation is almost over.
The orc hits you with a hand axe.
The orc wizard hits the plant but does no damage.
The orc warrior hits you from afar with a trident!
You slash the orc!
You kill the orc!
The orc wizard hits the plant with a dagger.
The orc warrior hits you with a trident!!
* * * LOW HITPOINT WARNING * * *
Things that are here:
a hand axe; an orc corpse You completely miss the orc warrior.
Your grab misses the orc warrior. The orc warrior closely misses you.
You are feeling hungry.
You barely miss the orc warrior. Your grab misses the orc warrior.
The orc warrior hits you with a trident!!
You die...

#.##..≈≈♣♣♣P♣♣≈P....#
#.###..≈≈♣♣♣≈≈≈P###.#
#.# #...P♣≈♣♣≈≈P# #.#
####.# ##.PP≈≈♣≈≈P#
#.# .....#
#.PPP≈≈≈P≈# #.#
######
#..≈.P≈PPP####.# .#
##.#P.oP.###...# .#
#.##...#....### .#
#.##.#o@.####
#..#.##### ##...#
#####


You could see an orc warrior and an orc wizard.

Vanquished Creatures
  Duvessa (D:6)
  An ice beast (D:5)
  A centaur (D:3)
  Blork the orc (D:5)
  Dowan (D:6)
  3 killer bees (D:6)
  2 howler monkeys (D:4)
  A bullfrog zombie (D:6)
  Crazy Yiuf (D:2)
  A hound (D:4)
  2 orc priests (D:4)
  3 worker ants
  A hound zombie (D:5)
  A worker ant zombie (D:6)
  8 adders
  An ooze (D:1)
  3 worms (D:3)
  An adder skeleton (D:5)
  2 dart slugs (D:1)
  2 leopard geckos (D:3)
  9 orcs
  4 giant cockroaches
  6 goblins
  6 hobgoblins
  2 jackals (D:4)
  6 kobolds
  4 quokkas
  5 bats
  2 frilled lizards
  3 rats
84 creatures vanquished.

Notes
Turn   | Place    | Note
-------+----------+-------------------------------------------
     0 | D:1      | Jynx the Octopode Transmuter began the quest for the Orb.
     0 | D:1      | Reached XP level 1. HP: 13/13 MP: 3/3
     1 | D:1      | Found a runed door.
   251 | D:1      | Reached XP level 2. HP: 13/18 MP: 3/5
   650 | D:1      | Reached XP level 3. HP: 15/23 MP: 4/6
   924 | D:2      | Learned a level 2 spell: Sticks to Snakes
   928 | D:2      | Learned a level 3 spell: Spider Form
  1102 | D:2      | Reached skill level 3 in Transmutations
  1294 | D:2      | Found a runed door.
  1902 | D:2      | Noticed Crazy Yiuf
  1913 | D:2      | Killed Crazy Yiuf
  1913 | D:2      | Reached XP level 4. HP: 25/28 MP: 4/8
  2173 | D:3      | Found an iron altar of Okawaru.
  2189 | D:3      | Found a blossoming altar of Fedhas.
  2217 | D:3      | You fall through a shaft for 3 floors!
  2232 | D:5      | Entered Level 5 of the Dungeon
  2239 | D:5      | Reached XP level 5. HP: 14/33 MP: 7/9
  2489 | D:4      | Reached skill level 4 in Transmutations
  2582 | D:4      | Reached XP level 6. HP: 35/38 MP: 8/10
  2751 | D:4      | Found an opulent altar of Gozag.
  2945 | D:4      | Found a hide-covered altar of Uskayaw.
  2948 | D:4      | Noticed a dagger
  2948 | D:4      | Noticed a hand axe
  3319 | D:3      | Reached skill level 5 in Transmutations
  3460 | D:3      | Learned a level 5 spell: Blade Hands
  4065 | D:3      | Found a glowing golden altar of the Shining One.
  4606 | D:4      | Reached XP level 7. HP: 33/43 MP: 9/12
  4659 | D:4      | Found Lixej's Armour Emporium.
  5043 | D:5      | Noticed Blork the orc
  5052 | D:5      | Killed Blork the orc
  5538 | D:6      | Reached skill level 6 in Transmutations
  5600 | D:6      | HP: 2/43 [poisoned by a killer bee]
  5834 | D:6      | Found a staircase to the Ecumenical Temple.
  5834 | D:6      | Noticed Duvessa
  5834 | D:6      | Noticed Dowan
  5847 | D:6      | Killed Duvessa
  5847 | D:6      | Reached XP level 8. HP: 30/48 MP: 14/14
  5851 | D:6      | Killed Dowan
  6590 | D:6      | Demolished by an orc warrior

Skill      XL: |  1  2  3  4  5  6  7 |
---------------+----------------------+-----
Transmutations | 3 4 5 6 |  6.9
Dodging        | 3 4 |  4.9
Spellcasting   | 3 4 |  4.6
Fighting       | |  1.0
Unarmed Combat | |  3.0

Action                   |  1- 3 |  4- 6 |  7- 9 || total
-------------------------+-------+-------+-------++-------
Melee: Unarmed           |    69 |   105 |    73 ||   247
       Kick              |    10 |    29 |    17 ||    56
       Constrict         |    22 |    25 |    14 ||    61
       Tentacles         |    12 |    13 |    13 ||    38
       Punch             |     1 |       |     2 ||     3
 Cast: Beastly Appendage |    18 |    22 |     9 ||    49
       Spider Form       |     1 |     3 |       ||     4
       Blade Hands       |       |       |     7 ||     7
  Use: Scroll            |       |       |     7 ||     7
       Potion            |       |       |     3 ||     3
 Stab: Sleeping          |     9 |     2 |       ||    11
       Invisible         |       |       |     1 ||     1
  Eat: Chunk             |     3 |     9 |     3 ||    15
       Ration            |       |       |     2 ||     2
Armor: Skin              |     8 |     4 |     3 ||    15
Dodge: Dodged            |    43 |    62 |    60 ||   165
